[Event "Titled Tuesday Blitz February 07 Early 2023"]
[White "Jovic, Stanoje"]
[Black "Omelja, Artem"]
[WhiteFideId "905020"]
[BlackFideId "14119846"]
[WhiteElo "2075"]
[BlackElo "2446"]
[Result "1-0"]
[Round "10"]
[TimeControl "180+2"]
[Date "2023.02.07"]
[WhiteClock "0:00:20"]
[BlackClock "0:00:12"]

1. c4 Nf6 2. g3 e5 3. Bg2 d6 4. Nc3 Be7 5. Nf3 Nc6 6. O-O Bf5 7. d3 h6 8. Rb1 a5 9. a3 Qd7 10. Nd5 Nxd5 11. cxd5 Nd8 12. e4 Bh3 13. d4 exd4 14. Qxd4 O-O 15. e5 Bxg2 16. Kxg2 Qf5 17. Bd2 dxe5 18. Qxe5 Qxe5 19. Nxe5 c6 20. dxc6 Nxc6 21. Nxc6 bxc6 22. Rbc1 Rfc8 23. a4 Rab8 24. Rc2 Bb4 25. Bf4 Rb7 26. Rfc1 c5 27. Be3 c4 28. Rxc4 Rd8 29. Rc8 Rxc8 30. Rxc8+ Kh7 31. Bd4 f6 32. Kf3 Re7 33. g4 Kg6 34. Bc5 Rb7 35. Bd4 Re7 36. Bc3 Rb7 37. Ke4 Bxc3 38. bxc3 Rb2 39. f4 Re2+ 40. Kd5 Rxh2 41. c4 Rf2 42. c5 Rxf4 43. c6 Rf1 44. c7 Rc1 45. Kd6 Rd1+ 46. Kc6 Rc1+ 47. Kb6 Rb1+ 48. Kxa5 Rc1 49. Kb6 Rb1+ 50. Ka7 Rc1 51. a5 Kg5 52. a6 Kxg4 53. Kb6 Rb1+ 54. Kc5 Rc1+ 55. Kd6 Rd1+ 56. Ke6 Re1+ 57. Kf7 Ra1 58. Rb8 1-0


[Site "https://www.chess.com"]

[Event "Titled Tuesday Blitz February 07 Early 2023"]
[White "Jakubowska, Anna"]
[Black "Berezin, Viktor"]
[WhiteFideId "1121952"]
[BlackFideId "14107872"]
[WhiteElo "2139"]
[BlackElo "2307"]
[Result "0-1"]
[Round "10"]
[TimeControl "180+2"]
[Date "2023.02.07"]
[WhiteClock "0:00:09"]
[BlackClock "0:00:17"]

1. e4 g6 2. d4 Bg7 3. Nc3 d6 4. Be3 Nf6 5. f3 O-O 6. Qd2 c6 7. h4 h5 8. Nh3 b5 9. Bh6 Nbd7 10. Bxg7 Kxg7 11. Ng5 e5 12. O-O-O Qa5 13. Kb1 b4 14. Ne2 Ba6 15. g4 c5 16. dxe5 Nxe5 17. gxh5 Nxh5 18. Rg1 Nc4 19. Qc1 Rad8 20. Nf4 Nxf4 21. Qxf4 Na3+ 22. bxa3 bxa3 23. Bxa6 Qc3 24. Kc1 Rb8 25. Qxd6 Rb1+ 26. Kxb1 Qb2# 0-1


[Site "https://www.chess.com"]

[Event "Titled Tuesday Blitz February 07 Early 2023"]
[White "Melikhov, Evgeny V."]
[Black "matenitian"]
[WhiteFideId "4122046"]
[WhiteElo "2269"]
[BlackElo "2479"]
[Result "1-0"]
[Round "10"]
[TimeControl "180+2"]
[Date "2023.02.07"]
[WhiteClock "0:01:59"]
[BlackClock "0:00:49"]

1. d4 Nf6 2. c4 e6 3. Nc3 d5 4. cxd5 exd5 5. Bg5 c6 6. Qc2 Nbd7 7. e3 Be7 8. Bd3 Nf8 9. Nf3 Ne6 10. Bxf6 Bxf6 11. O-O h6 12. b4 O-O 13. b5 c5 14. dxc5 Nxc5 15. Rad1 Bg4 16. Be2 Be6 17. Nxd5 Rc8 18. Nxf6+ Qxf6 19. Nd4 Bd5 20. Qf5 Bc4 1-0


[Site "https://www.chess.com"]

[Event "Titled Tuesday Blitz February 07 Early 2023"]
[White "Shuvalov, Evgenij"]
[Black "Avazkhonov, Alikhon"]
[WhiteFideId "4187237"]
[BlackFideId "14208504"]
[WhiteElo "2038"]
[BlackElo "1538"]
[Result "1-0"]
[Round "10"]
[TimeControl "180+2"]
[Date "2023.02.07"]
[WhiteClock "0:00:49"]
[BlackClock "0:00:02"]

1. d4 Nf6 2. c4 e6 3. Nc3 Bb4 4. a3 Bxc3+ 5. bxc3 b6 6. f3 Bb7 7. e4 d6 8. Bg5 h6 9. Bh4 O-O 10. Bd3 e5 11. f4 Qe7 12. fxe5 dxe5 13. Nf3 g5 14. Nxg5 hxg5 15. Bxg5 Qd6 16. O-O Nh7 17. Be3 Nc6 18. Qh5 Kh8 19. Rf3 exd4 20. e5 Qg6 21. Bxg6 fxg6 22. Qxg6 Rxf3 23. gxf3 Rg8 24. Qxg8+ Kxg8 25. cxd4 Na5 26. Rc1 Bxf3 27. Kf2 Be4 28. c5 b5 29. c6 Kf7 30. Rc5 a6 31. d5 Nb3 32. e6+ Ke7 33. Rc3 Bxd5 34. Bf4 Bxe6 35. Bxc7 Nd4 36. Be5 Nf5 37. c7 Bc8 38. Rd3 Ng5 39. Rd8 Bb7 40. Rb8 Nh3+ 41. Ke1 1-0


[Site "https://www.chess.com"]

[Event "Titled Tuesday Blitz February 07 Early 2023"]
[White "Danielyan, Vahe"]
[Black "Goncalves, Davi Sulzbacher"]
[WhiteFideId "13304828"]
[BlackFideId "2154510"]
[WhiteElo "2346"]
[BlackElo "2282"]
[Result "1-0"]
[Round "10"]
[TimeControl "180+2"]
[Date "2023.02.07"]
[WhiteClock "0:00:20"]
[BlackClock "0:00:21"]

1. d4 Nf6 2. c4 e6 3. Nf3 b6 4. g3 Ba6 5. Qc2 Bb4+ 6. Nbd2 c6 7. Bg2 d5 8. O-O O-O 9. b3 Nbd7 10. Bb2 Rc8 11. Rac1 Re8 12. Qb1 Bd6 13. Rfe1 c5 14. e3 cxd4 15. Nxd4 Nc5 16. Red1 Bf8 17. cxd5 Bd3 18. Qa1 Nxd5 19. Nc4 Bg6 20. Ne5 Qd6 21. Nxg6 hxg6 22. Rc4 Qb8 23. Nb5 Red8 24. Be5 Qb7 25. Nc3 b5 26. Nxd5 exd5 27. Rcd4 Ne4 28. Bxe4 Qe7 29. Rxd5 Rxd5 30. Bxd5 Rd8 31. Bb2 Qc5 32. Bxf7+ Kxf7 33. Rxd8 Kg8 34. Rxf8+ Qxf8 35. Bxg7 Qxg7 36. Qxg7+ Kxg7 37. Kg2 Kf6 38. Kf3 Ke5 39. h4 b4 40. g4 Ke6 41. h5 g5 42. h6 Kf6 43. Ke4 Kg6 44. f4 Kxh6 45. Ke5 Kg6 46. f5+ Kf7 47. e4 Ke7 48. Kd5 Kd7 49. e5 Kc7 50. f6 Kd8 51. e6 Ke8 52. Kd6 Kf8 53. f7 a5 54. Kd7 Kg7 55. e7 Kf6 56. e8=Q a4 57. f8=Q# 1-0


[Site "https://www.chess.com"]

[Event "Titled Tuesday Blitz February 07 Early 2023"]
[White "Rottenwohrer Suarez, Juan"]
[Black "Fiorito, Francisco"]
[WhiteFideId "32068182"]
[BlackFideId "180165"]
[WhiteElo "2265"]
[BlackElo "2305"]
[Result "1/2-1/2"]
[Round "10"]
[TimeControl "180+2"]
[Date "2023.02.07"]
[WhiteClock "0:00:45"]
[BlackClock "0:02:26"]

1. d4 Nf6 2. c4 g6 3. Nf3 Bg7 4. g3 O-O 5. Bg2 c6 6. O-O d5 7. cxd5 cxd5 8. Nc3 Nc6 9. Ne5 Bf5 10. Bf4 Rc8 11. Rc1 Ne4 12. Nxe4 dxe4 13. Nxc6 bxc6 14. Be3 Qd5 15. b3 Rfd8 16. Qc2 Bxd4 17. Rfd1 c5 18. Qc4 Qxc4 19. Rxc4 Bxe3 20. Rxd8+ Rxd8 21. fxe3 Rd2 22. Bxe4 Bxe4 23. Rxe4 Rxe2 24. Rxe7 Rxa2 25. Rc7 Rb2 26. Rxa7 Rxb3 27. Rc7 Rxe3 28. Rxc5 Re2 29. Rc7 Ra2 30. Rb7 h5 31. Rc7 Kg7 32. Rb7 g5 33. h4 g4 34. Rb5 Kg6 35. Rg5+ Kh6 36. Rf5 Ra7 37. Kg2 Kg6 38. Rg5+ Kh6 39. Rf5 Ra2+ 40. Kg1 Ra7 41. Kg2 1/2-1/2


[Site "https://www.chess.com"]

[Event "Titled Tuesday Blitz February 07 Early 2023"]
[White "Khamdamova, Afruza"]
[Black "Begunov, Konstantin"]
[WhiteFideId "14210444"]
[BlackFideId "4118510"]
[WhiteElo "2162"]
[BlackElo "2325"]
[Result "1-0"]
[Round "10"]
[TimeControl "180+2"]
[Date "2023.02.07"]
[WhiteClock "0:00:50"]
[BlackClock "0:00:01"]

1. e4 c5 2. Nf3 d6 3. d4 cxd4 4. Nxd4 Nf6 5. Nc3 a6 6. Bg5 e6 7. f4 Qb6 8. Qd2 Nc6 9. Nxc6 bxc6 10. Bxf6 gxf6 11. O-O-O Rb8 12. Na4 Qb4 13. Qxb4 Rxb4 14. Nc3 d5 15. a3 Rb8 16. exd5 cxd5 17. Bd3 f5 18. Rhe1 Kd8 19. Ne2 Bg7 20. c3 a5 21. Bc2 Bd7 22. Nd4 Kc7 23. g3 h5 24. Nf3 Bf6 25. h4 Rbg8 26. Ng5 Bxg5 27. hxg5 h4 28. gxh4 Rxh4 29. Rf1 Rgh8 30. Rd4 Bb5 31. Rfd1 Rg4 32. a4 Bc4 33. b3 Be2 34. R1d2 Rh1+ 35. Kb2 Ba6 36. c4 Bb7 37. cxd5 Bxd5 38. Bxf5 Rgg1 39. Bc2 Rf1 40. f5 Rhg1 41. g6 fxg6 42. fxg6 Rf3 43. R4d3 Rf4 44. Rc3+ Kd6 45. Rc8 Ke5 46. Rc5 Rg3 47. Rxa5 Rb4 48. Rc5 1-0


[Site "https://www.chess.com"]

[Event "Titled Tuesday Blitz February 07 Early 2023"]
[White "Iljin, Timofey"]
[Black "Skurikhin, Dmitrij"]
[WhiteFideId "14110180"]
[BlackFideId "4161297"]
[WhiteElo "2329"]
[BlackElo "2297"]
[Result "1-0"]
[Round "10"]
[TimeControl "180+2"]
[Date "2023.02.07"]
[WhiteClock "0:00:08"]
[BlackClock "0:00:02"]

1. d4 Nf6 2. c4 g6 3. Nc3 d5 4. cxd5 Nxd5 5. e4 Nxc3 6. bxc3 c5 7. Nf3 Bg7 8. Be2 O-O 9. O-O b6 10. Rb1 cxd4 11. cxd4 Bb7 12. d5 Nd7 13. Bg5 Nc5 14. Bd3 h6 15. Bh4 Re8 16. Re1 Nxd3 17. Qxd3 Rc8 18. Rbd1 Rc3 19. Qd2 Qc8 20. e5 Rc2 21. Qb4 Rc4 22. Qa3 g5 23. Bg3 g4 24. Nd2 Rc3 25. Nb3 a5 26. Qa4 Rc4 27. Qb5 Rb4 28. Qd3 Rd8 29. d6 exd6 30. exd6 Qc6 31. Qf1 a4 32. Rc1 Qd5 33. Rcd1 Qg5 34. Nd2 h5 35. Nc4 Ba6 36. Rc1 h4 37. f4 gxf3 38. d7 Bd4+ 39. Kh1 hxg3 40. Re8+ Kg7 41. Qxf3 Rxd7 42. Qa8 1-0


[Site "https://www.chess.com"]

[Event "Titled Tuesday Blitz February 07 Early 2023"]
[White "Levitan, Caleb Levi"]
[Black "Ramirez Allo, Eduardo"]
[WhiteFideId "14332620"]
[BlackFideId "2224178"]
[WhiteElo "2129"]
[BlackElo "2274"]
[Result "0-1"]
[Round "10"]
[TimeControl "180+2"]
[Date "2023.02.07"]
[WhiteClock "0:00:02"]
[BlackClock "0:00:15"]

1. d4 Nf6 2. Bf4 c5 3. e3 g6 4. Nc3 Bg7 5. d5 d6 6. e4 O-O 7. Bc4 a6 8. a4 Ne8 9. Nf3 Bg4 10. h3 Bxf3 11. Qxf3 Nd7 12. O-O Nc7 13. Qe2 Rb8 14. a5 b5 15. axb6 Rxb6 16. Ra2 Qb8 17. Na4 Rb7 18. c3 Nb6 19. Nxb6 Rxb6 20. Rfa1 Qb7 21. Bg5 Re8 22. f4 e6 23. dxe6 Nxe6 24. Bxa6 Qc7 25. Bb5 Reb8 26. Bc4 Nxg5 27. fxg5 Qd8 28. Qd2 Be5 29. Rf1 R6b7 30. h4 Qd7 31. Bd5 Qg4 32. Bxb7 Rxb7 33. Ra8+ Kg7 34. Qf2 Qxe4 35. h5 gxh5 36. Re8 Qg6 37. Qh4 Rxb2 38. Rf6 Bxf6 39. gxf6+ Kh6 40. Qf4+ Qg5 41. Qxg5+ Kxg5 42. Rg8+ Kxf6 43. Rh8 Rc2 44. Rxh7 Rxc3 45. Rxh5 Ke6 46. Kf2 d5 47. Ke2 Rc2+ 48. Kf3 f5 49. g4 Rc3+ 50. Kf4 Rc4+ 51. Kf3 fxg4+ 52. Kg3 Re4 53. Rg5 c4 54. Rg8 Ke5 55. Rc8 Kd4 56. Kf2 Kd3 57. Rd8 d4 58. Rc8 c3 59. Rc6 Re8 60. Kg3 Kd2 61. Kxg4 c2 62. Kf4 c1=Q 0-1


[Site "https://www.chess.com"]

[Event "Titled Tuesday Blitz February 07 Early 2023"]
[White "Chakravarthi Reddy, M"]
[Black "Kaplan, Avi Harrison"]
[WhiteFideId "25009532"]
[BlackFideId "30934559"]
[WhiteElo "2279"]
[BlackElo "2146"]
[Result "0-1"]
[Round "10"]
[TimeControl "180+2"]
[Date "2023.02.07"]
[WhiteClock "0:00:37"]
[BlackClock "0:00:31"]

1. e4 Nc6 2. d4 e5 3. d5 Nce7 4. Nc3 Ng6 5. Nf3 Nf6 6. h4 Bc5 7. h5 Ng4 8. Be3 Bxe3 9. fxe3 Nxe3 10. Qd2 Nxf1 11. Rxf1 Nf4 12. Nxe5 Qh4+ 13. Qf2 Nxg2+ 14. Kd1 Qxh5+ 15. Nf3 Nf4 16. Qe3 Ng6 17. Kd2 Ne5 18. Nxe5 Qxe5 19. Rf5 Qh2+ 20. Rf2 Qh6 21. Qxh6 gxh6 22. Nb5 Kd8 23. Rxf7 c6 24. Nc3 Kc7 25. e5 cxd5 26. Nxd5+ Kc6 27. Ne7+ Kc5 28. c3 d6 29. b4+ Kb6 30. a4 a5 31. Rf6 Rd8 32. Rxd6+ Rxd6+ 33. exd6 Bg4 34. Rh1 h5 35. Rf1 Rd8 36. Rf6 h4 37. Ke3 h3 38. Kf2 h5 39. Kg3 axb4 40. cxb4 Rd7 41. Nd5+ Kc6 42. Ne7+ Kb6 43. Nd5+ Ka6 44. b5+ Ka5 45. Nc3 Kb4 46. Ne4 Kc4 47. b6 Kd5 48. Kf4 h2 49. Nf2 Rxd6 50. Rxd6+ Kxd6 51. Kg3 Kc6 52. a5 Kb5 53. Kxh2 Kxa5 54. Kg3 Kxb6 55. Nd3 Ka5 56. Kf4 b5 57. Nc5 b4 58. Nb3+ Ka4 59. Nd4 b3 60. Nxb3 Kxb3 61. Kg3 Kc4 62. Kh4 Kc5 63. Kg3 Kc6 64. Kh4 Kc7 65. Kg3 Kc8 66. Kh4 Kd8 67. Kg3 Kd7 68. Kh4 Kd6 69. Kg3 Kd5 70. Kh4 Ke5 71. Kg3 Ke6 72. Kh4 Ke7 73. Kg3 Ke8 74. Kh4 Kf8 75. Kg3 Kf7 76. Kh4 Kf6 77. Kg3 Kg7 78. Kh4 Kg8 79. Kg3 Kh8 80. Kh4 Kh7 81. Kg3 Kh6 82. Kh4 Kg6 83. Kg3 Kg5 84. Kh2 h4 85. Kg2 Kf4 86. Kh2 h3 87. Kg1 Kg3 88. Kh1 Bf3+ 89. Kg1 h2+ 0-1


[Site "https://www.chess.com"]

[Event "Titled Tuesday Blitz February 07 Early 2023"]
[White "Wilson, Elvin"]
[Black "Valle Maytin, Luis Enrique"]
[WhiteFideId "2014874"]
[BlackFideId "3503666"]
[WhiteElo "2183"]
[BlackElo "2241"]
[Result "1-0"]
[Round "10"]
[TimeControl "180+2"]
[Date "2023.02.07"]
[WhiteClock "0:01:03"]
[BlackClock "0:00:03"]

1. c4 c5 2. g3 g6 3. Bg2 Bg7 4. Nc3 Nc6 5. e4 d6 6. Nge2 e6 7. O-O Nge7 8. d3 O-O 9. Be3 b6 10. d4 cxd4 11. Nxd4 Nxd4 12. Bxd4 e5 13. Be3 Ba6 14. b3 Rc8 15. Qd2 Qc7 16. Rfd1 Rfd8 17. Rac1 Qb8 18. a4 Nc6 19. Nd5 Bb7 20. Bh3 Rc7 21. Bg5 Nd4 22. Qe3 Bxd5 23. Bxd8 Qxd8 24. cxd5 Rc5 25. b4 Rxc1 26. Rxc1 h5 27. Rc8 Qxc8 28. Bxc8 Bf6 29. Kg2 Kh7 30. Qc3 Bg7 31. Qc7 a5 32. bxa5 bxa5 33. Qxf7 Kh6 34. Bd7 Nb3 35. Be8 Kh7 36. Qxg6+ Kh8 37. Bf7 h4 38. Qh5+ 1-0


[Site "https://www.chess.com"]

[Event "Titled Tuesday Blitz February 07 Early 2023"]
[White "Herman, Daniel"]
[Black "Adithya A Chullikkad"]
[WhiteFideId "30935008"]
[BlackFideId "45078734"]
[WhiteElo "1956"]
[BlackElo "2259"]
[Result "1/2-1/2"]
[Round "10"]
[TimeControl "180+2"]
[Date "2023.02.07"]
[WhiteClock "0:00:09"]
[BlackClock "0:00:04"]

1. c4 c5 2. Nc3 e6 3. Nf3 d5 4. cxd5 exd5 5. d4 Nc6 6. g3 Nf6 7. Bg2 Be7 8. O-O O-O 9. dxc5 Bxc5 10. Bg5 Be7 11. Rc1 h6 12. Bf4 Be6 13. Nb5 Rc8 14. Nfd4 a6 15. Nxc6 bxc6 16. Na7 Bd6 17. Bxd6 Qxd6 18. Nxc8 Rxc8 19. Qa4 Qe5 20. Rxc6 Rxc6 21. Qxc6 Qxe2 22. Qc3 Qb5 23. Qd4 Qa5 24. a3 Qb5 25. Rc1 Qb8 26. b4 Qb7 27. Rc5 Qb8 28. Rc6 Qb7 29. Qb6 Qa8 30. Qxa6 Qb8 31. Qb6 Qe5 32. Rc1 Qb2 33. Qb8+ Kh7 34. Qf4 g5 35. Qe3 Ng4 36. Qd3+ Kg8 37. Rf1 Ne5 38. Qe3 Nc4 39. Qc5 Qxa3 40. Bxd5 Bxd5 41. Qxd5 Qxb4 42. Rc1 Nb6 43. Qf5 Qd6 44. Re1 Nd7 45. Re8+ Kg7 46. Rd8 Qd1+ 47. Kg2 Qa4 48. Rxd7 Qc6+ 49. Kf1 Qc4+ 50. Kg2 Qc6+ 51. Kh3 Qc4 52. Rd6 Qf1+ 53. Kg4 Qc4+ 54. f4 Qe2+ 55. Kh3 Qf1+ 56. Kg4 Qe2+ 57. Kh3 Qf1+ 58. Kg4 Qe2+ 1/2-1/2


[Site "https://www.chess.com"]

[Event "Titled Tuesday Blitz February 07 Early 2023"]
[White "Orzech, Dominik"]
[Black "Fernandez Siles, Luis"]
[WhiteFideId "1115065"]
[BlackFideId "2209420"]
[WhiteElo "2308"]
[BlackElo "2218"]
[Result "0-1"]
[Round "10"]
[TimeControl "180+2"]
[Date "2023.02.07"]
[WhiteClock "0:00:13"]
[BlackClock "0:00:37"]

1. d4 Nf6 2. Nf3 g6 3. c4 Bg7 4. g3 O-O 5. Bg2 d6 6. Nc3 c6 7. O-O Qa5 8. h3 e5 9. e4 exd4 10. Nxd4 Qc5 11. Nb3 Qb4 12. Bf4 Ne8 13. Re1 a5 14. a3 Qxc4 15. Rc1 Qe6 16. Nd4 Qe7 17. Qd2 Nd7 18. Red1 Nc5 19. b4 Bxd4 20. Qxd4 Nb3 21. Qe3 Nxc1 22. Rxc1 f6 23. b5 Bd7 24. Bh6 Ng7 25. Rd1 Rfe8 26. a4 Qf7 27. Qd4 Rad8 28. Qxd6 Ne6 29. Qa3 g5 30. bxc6 bxc6 31. e5 fxe5 32. Ne4 Qg6 33. Nd6 Qxh6 34. Nxe8 Bxe8 35. Rxd8 Nxd8 36. Qe7 Qe6 37. Qxd8 h6 38. Kh2 Kg7 39. Bf3 Bf7 40. Bg4 Qd5 41. Qe7 Qd4 42. Kg2 Qd5+ 43. Kh2 Qd4 44. Kg2 Qd5+ 45. Bf3 Qe6 46. Qd8 e4 47. Bg4 Qd5 48. Qe7 e3+ 0-1


[Site "https://www.chess.com"]

[Event "Titled Tuesday Blitz February 07 Early 2023"]
[White "Hoffmann, Asa"]
[Black "Ezat, Mohamed"]
[WhiteFideId "2001470"]
[BlackFideId "10600906"]
[WhiteElo "2185"]
[BlackElo "2402"]
[Result "1/2-1/2"]
[Round "10"]
[TimeControl "180+2"]
[Date "2023.02.07"]
[WhiteClock "0:00:15"]
[BlackClock "0:00:17"]

1. d4 Nf6 2. Bg5 Ne4 3. Bf4 c5 4. f3 Nf6 5. dxc5 e6 6. Bd6 Bxd6 7. Qxd6 Na6 8. Nc3 Qa5 9. e4 Qxc5 10. O-O-O Qxd6 11. Rxd6 Ke7 12. e5 Ne8 13. Bxa6 bxa6 14. Rd4 d5 15. exd6+ Nxd6 16. Nge2 Bb7 17. Rhd1 Rhd8 18. Rb4 Rab8 19. Nd4 Ba8 20. a3 Rxb4 21. axb4 Rb8 22. Na2 e5 23. Ne2 Nf5 24. Rd3 e4 25. Ra3 exf3 26. gxf3 Rb6 27. Ra5 g6 28. f4 Bb7 29. Nac3 Rxb4 30. b3 Rb6 31. Kb2 Nd6 32. Kc1 Nb5 33. Na4 Rc6 34. c4 Nd6 35. Nc5 Bc8 36. Nd4 Rb6 37. Kc2 Nb7 38. Nxb7 Bxb7 39. Rc5 Rd6 40. Kc3 h6 41. b4 Rd7 42. f5 Kf6 43. fxg6 fxg6 44. Nb3 g5 45. h3 Bg2 46. Ra5 Bxh3 47. Rxa6+ Be6 48. Nc5 Re7 49. b5 g4 50. Nxe6 Rxe6 51. Rxa7 g3 52. Ra2 h5 53. c5 h4 54. b6 h3 55. b7 Re8 56. c6 h2 57. c7 h1=Q 58. c8=Q Rxc8+ 59. bxc8=Q Qc1+ 60. Rc2 Qe3+ 61. Kb4 Qb6+ 62. Kc4 Kg5 63. Qc5+ Qxc5+ 64. Kxc5 Kf4 65. Kd4 Kf3 66. Rc7 g2 67. Rf7+ Ke2 68. Rg7 Kf2 69. Rxg2+ Kxg2 1/2-1/2


[Site "https://www.chess.com"]

[Event "Titled Tuesday Blitz February 07 Early 2023"]
[White "Seletsky, Grigory"]
[Black "Alfaro, William"]
[WhiteFideId "14112191"]
[BlackFideId "6100457"]
[WhiteElo "2259"]
[BlackElo "2134"]
[Result "1-0"]
[Round "10"]
[TimeControl "180+2"]
[Date "2023.02.07"]
[WhiteClock "0:00:19"]
[BlackClock "0:00:05"]

1. e4 c5 2. Nc3 a6 3. d3 b5 4. f4 d6 5. Nf3 Nc6 6. h3 g6 7. g4 Bg7 8. Bg2 h5 9. f5 hxg4 10. hxg4 Rxh1+ 11. Bxh1 Nf6 12. Ng5 Ne5 13. Bf3 b4 14. Nb1 Bh6 15. Bf4 gxf5 16. gxf5 Bb7 17. Qe2 Qb6 18. Nd2 c4 19. Be3 cxd3 20. cxd3 Qb5 21. Nc4 Rc8 22. b3 Nxc4 23. bxc4 Qe5 24. d4 Qg3+ 25. Qf2 Qxf2+ 26. Kxf2 Bxg5 27. Bxg5 Nxe4+ 28. Bxe4 Bxe4 29. Re1 f6 30. Bxf6 Bxf5 31. Rxe7+ Kf8 32. Ra7 Rxc4 33. Rxa6 d5 34. Ke3 Rc3+ 35. Kf4 Be4 36. Rb6 Ra3 37. Ke5 Rxa2 38. Rxb4 Ra6 39. Rb7 Rc6 40. Be7+ Kf7 41. Bd6+ Kg6 42. Rb8 Ra6 43. Rg8+ Kf7 44. Rf8+ Kg7 45. Rf6 Ra7 46. Bf8+ Kg8 47. Bd6 Rf7 48. Re6 Kg7 49. Re8 Rf5+ 50. Ke6 Rf7 51. Be5+ Kg6 52. Rg8+ Kh7 53. Kxf7 Bg6+ 54. Kf8 Bf7 55. Rg7+ Kh6 56. Kxf7 Kh5 57. Kf6 Kh6 58. Kf5 Kh5 59. Rh7# 1-0


[Site "https://www.chess.com"]

[Event "Titled Tuesday Blitz February 07 Early 2023"]
[White "Carrasco Miranda, Andres"]
[Black "Lehtosaari, Mauri"]
[WhiteFideId "3405990"]
[BlackFideId "501999"]
[WhiteElo "2240"]
[BlackElo "2176"]
[Result "0-1"]
[Round "10"]
[TimeControl "180+2"]
[Date "2023.02.07"]
[WhiteClock "0:00:52"]
[BlackClock "0:00:55"]

1. d4 d5 2. c4 c6 3. Nf3 Nf6 4. e3 Bg4 5. Nc3 e6 6. Qb3 Qb6 7. Nh4 Be7 8. h3 Bh5 9. g4 Nfd7 10. Ng2 Bg6 11. Nf4 a5 12. Nxg6 hxg6 13. Bd2 Qc7 14. Rc1 dxc4 15. Bxc4 Nf6 16. g5 Nh7 17. d5 Nxg5 18. dxe6 Nf3+ 19. Ke2 Nxd2 20. exf7+ Kf8 21. Kxd2 Nd7 22. Ke2 Nc5 23. Qc2 Qd6 24. Rcd1 Qf6 25. Rd2 Rh4 26. Rhd1 Rxc4 27. Rg1 Kxf7 28. Rd4 Rxd4 29. exd4 Ne6 30. Ne4 Nxd4+ 0-1


[Site "https://www.chess.com"]

[Event "Titled Tuesday Blitz February 07 Early 2023"]
[White "Vivas Zamora, Fabian Ernesto"]
[Black "I_KID_you_not"]
[WhiteFideId "3902480"]
[WhiteElo "2346"]
[BlackElo "2342"]
[Result "0-1"]
[Round "10"]
[TimeControl "180+2"]
[Date "2023.02.07"]
[WhiteClock "0:00:01"]
[BlackClock "0:00:12"]

1. e4 c5 2. Nc3 Nc6 3. Bb5 Nd4 4. Nf3 a6 5. Bd3 Nc6 6. O-O d6 7. Re1 Bg4 8. h3 Bh5 9. Be2 Nf6 10. e5 dxe5 11. Nxe5 Bxe2 12. Qxe2 Nxe5 13. Qxe5 e6 14. d3 Bd6 15. Qg5 O-O 16. Bf4 h6 17. Qh4 g5 18. Bxg5 hxg5 19. Qxg5+ Kh8 20. Ne4 Nh7 21. Qh5 f5 22. Nd2 Qf6 23. Nc4 Bc7 24. Re3 b5 25. Nd2 Bf4 26. Re2 Bxd2 27. Rxd2 Qg5 28. Qxg5 Nxg5 29. Re1 Rae8 30. Rde2 Rf6 31. Re5 Rg6 32. Kf1 Reg8 33. Rxc5 Nf7 34. g3 f4 35. g4 Ng5 36. Kg2 Rh6 37. f3 Rg7 38. Ree5 Nf7 39. Rh5 Rxh5 40. Rxh5+ Kg8 41. Rc5 Nd6 42. Rc6 Rd7 43. Rxa6 Kf7 44. Ra8 Kf6 45. Rb8 Ke5 46. Kf2 Kd4 47. Ke2 Rc7 48. c3+ Kd5 49. Rb6 Kc5 50. Rb8 Kd5 51. Rh8 b4 52. c4+ Kd4 53. Rd8 Kc5 54. d4+ Kc6 55. b3 Ra7 56. Kd3 Rxa2 57. h4 Rf2 58. c5 Rxf3+ 59. Ke2 Re3+ 60. Kd2 Ne4+ 61. Kc2 Rc3+ 62. Kb2 Rh3 63. h5 Rg3 64. Rg8 Nf6 65. Rg6 Nxg4 66. h6 Rg2+ 67. Kc1 f3 68. h7 Rh2 69. Rxg4 f2 70. Rf4 Rxh7 71. Rxf2 Kd5 72. Rf4 Rh2 73. Rg4 Rf2 0-1


[Site "https://www.chess.com"]

[Event "Titled Tuesday Blitz February 07 Early 2023"]
[White "Florescu, Codrut-Constantin"]
[Black "Manon-og, Ramon Jr."]
[WhiteFideId "1202200"]
[BlackFideId "5200776"]
[WhiteElo "2259"]
[BlackElo "1999"]
[Result "1-0"]
[Round "10"]
[TimeControl "180+2"]
[Date "2023.02.07"]
[WhiteClock "0:02:06"]
[BlackClock "0:02:07"]

1. e4 c5 2. Nf3 d6 3. d4 cxd4 4. Nxd4 Nf6 5. Nc3 a6 6. f4 Nbd7 7. g4 e5 8. Nb3 Nc5 9. Nxc5 dxc5 10. Qxd8+ Kxd8 11. g5 Nd7 12. f5 h6 13. Bc4 hxg5 14. Bxf7 Be7 15. Be3 b6 16. O-O-O Rh3 17. Bf2 Bb7 18. Bg3 Kc7 19. Nd5+ Bxd5 20. Rxd5 Bf6 21. Rhd1 Rd8 22. Be6 Nb8 23. Rxd8 Bxd8 24. Bxe5+ Kb7 25. Rxd8 Nc6 26. Bd5 1-0


[Site "https://www.chess.com"]

[Event "Titled Tuesday Blitz February 07 Early 2023"]
[White "Jimenez, Joaquin"]
[Black "JonSnowNW1"]
[WhiteFideId "109860"]
[WhiteElo "2195"]
[BlackElo "2329"]
[Result "1/2-1/2"]
[Round "10"]
[TimeControl "180+2"]
[Date "2023.02.07"]
[WhiteClock "0:01:24"]
[BlackClock "0:00:08"]

1. c4 c6 2. e4 d5 3. exd5 cxd5 4. cxd5 Nf6 5. Nc3 Nxd5 6. Nf3 Nc6 7. Bb5 Nb4 8. d4 e6 9. a3 Nd5 10. Ne5 Bd7 11. Qa4 Nxe5 12. dxe5 Nxc3 13. Bxd7+ Qxd7 14. Qxd7+ Kxd7 15. bxc3 Kc6 16. Be3 Bc5 17. Bd4 Rhd8 18. O-O-O Bxa3+ 19. Kc2 Bc5 20. Rd3 Bxd4 21. cxd4 Kd5 22. Rb1 Rac8+ 23. Kd2 b6 24. Rb5+ Kc6 25. Rb1 Kb7 26. f4 a6 27. g4 Rc4 28. Ke3 b5 29. f5 Kb6 30. h4 b4 31. h5 a5 32. g5 exf5 33. g6 hxg6 34. hxg6 fxg6 35. Rg1 f4+ 36. Ke4 a4 37. Rxg6+ Rc6 38. Rxg7 b3 39. d5 b2 40. dxc6 Rxd3 41. Rb7+ Kxc6 42. Rxb2 Rb3 43. Rc2+ Kd7 44. Kxf4 a3 45. Rd2+ Ke6 46. Rd6+ Ke7 47. Ra6 Rb4+ 48. Kf5 Rb3 49. Ra7+ Kf8 50. Kf6 Rf3+ 51. Ke6 Rb3 52. Ra8+ Kg7 53. Ra7+ Kf8 54. Kf6 Rf3+ 55. Ke6 Rb3 1/2-1/2


[Site "https://www.chess.com"]

[Event "Titled Tuesday Blitz February 07 Early 2023"]
[White "Rose, Felix"]
[Black "Hajiyev, Kanan"]
[WhiteFideId "5105722"]
[BlackFideId "13404148"]
[WhiteElo "2091"]
[BlackElo "2197"]
[Result "1-0"]
[Round "10"]
[TimeControl "180+2"]
[Date "2023.02.07"]
[WhiteClock "0:00:18"]
[BlackClock "0:00:06"]

1. d4 d5 2. Bf4 c5 3. e3 cxd4 4. exd4 Nc6 5. Nf3 Bg4 6. c3 e6 7. Qb3 Bxf3 8. Qxb7 Qc8 9. Qxc8+ Rxc8 10. gxf3 Kd7 11. Rg1 Nge7 12. Ba6 Re8 13. Nd2 Ng6 14. Be3 Bd6 15. h4 h5 16. O-O-O Rh7 17. Rh1 Be7 18. Bd3 f5 19. Bg5 Bxg5 20. hxg5 Reh8 21. Rde1 h4 22. Bb5 Nf4 23. Nf1 Kd6 24. Kd2 Ne7 25. Ne3 Rb8 26. a4 a6 27. Bxa6 Rxb2+ 28. Nc2 Rh8 29. Bb5 h3 30. Kc1 Rxb5 31. axb5 Nd3+ 32. Kd2 Nxe1 33. Nxe1 Ng6 34. Ke3 Kc7 35. Nd3 Kb6 36. Nf4 Nxf4 37. Kxf4 Kxb5 38. Ke5 Re8 39. Rxh3 Kc4 40. f4 Re7 41. Re3 Kb3 42. Kd6 Re8 43. Rxe6 Rc8 44. Kxd5 Rxc3 45. Ke5 Rf3 46. Kxf5 Rxf2 47. Re7 g6+ 48. Kxg6 Rxf4 49. d5 Kc4 50. d6 Kc5 51. d7 Rd4 52. Kf7 Kc6 53. Ke8 Rh4 54. Rf7 Rh8+ 55. Ke7 Rd8 56. Kxd8 Kd6 57. Ke8 Ke5 58. d8=Q Ke6 59. Qe7+ Kd5 60. Rf5+ Kc6 61. Qe6+ Kc7 62. Rc5+ Kb8 63. Qb6+ Ka8 64. Ra5# 1-0


[Site "https://www.chess.com"]

[Event "Titled Tuesday Blitz February 07 Early 2023"]
[White "Andrews, Todd"]
[Black "Jenkins, Drake"]
[WhiteFideId "2012456"]
[BlackFideId "2022397"]
[WhiteElo "2220"]
[BlackElo "2130"]
[Result "1-0"]
[Round "10"]
[TimeControl "180+2"]
[Date "2023.02.07"]
[WhiteClock "0:01:46"]
[BlackClock "0:00:02"]

1. e4 c6 2. d4 d5 3. Nd2 dxe4 4. Nxe4 Nf6 5. Nxf6+ exf6 6. Bc4 Bd6 7. c3 O-O 8. Ne2 Nd7 9. Be3 b5 10. Bb3 a5 11. a4 Re8 12. d5 Nc5 13. dxc6 bxa4 14. Bd5 Qc7 15. h3 Rb8 16. Ra2 Ba6 17. c4 Rb4 18. Qc2 f5 19. O-O f4 20. Nxf4 Bxf4 21. Bxc5 Rbb8 22. Qxa4 Bh2+ 23. Kh1 Bd6 24. Qxa5 Qxa5 25. Rxa5 Bxc5 26. Rxc5 Rxb2 27. c7 Bc8 28. Rb5 1-0


[Site "https://www.chess.com"]